 Dungeon Crawl Stone Soup version 0.26.1-11-gd32895ea62 (webtiles) character file.

Game seed: 5800700230374722645

192 Gwenloh the Chopper (level 5, -6/47 HPs)
             Began as a Hill Orc Monk on May 11, 2021.
             Killed from afar by an orc wizard (7 damage)
             ... with a magic dart
             ... on level 4 of the Dungeon.
             The game lasted 00:08:47 (4374 turns).

Gwenloh the Chopper (Hill Orc Monk)                 Turns: 4374, Time: 00:08:48

Health: -6/47      AC:  5    Str: 14    XL:     5   Next: 71%
Magic:  5/5        EV: 11    Int: 10    God:
Gold:   179        SH:  0    Dex: 14    Spells: 4/4 levels left

rFire    . . .     SeeInvis .   a - +0 hand axe
rCold    + + .     Faith    .   (no shield)
rNeg     . . .     Spirit   .   c - +0 ring mail
rPois    +         Reflect  .   (no helmet)
rElec    +         Harm     .   (no cloak)
rCorr    +         Rampage  .   (no gloves)
Will     .....                  (no boots)
Stlth    +.........             n - amulet of the acrobat
HPRegen  0.15/turn              s - ring of ice
MPRegen  0.09/turn              o - ring of wizardry

@: mighty, resistant, slowed, very slow
A: no striking features
a: no special abilities


You were on level 4 of the Dungeon.
You visited 1 branch of the dungeon, and saw 4 of its levels.
You also visited: Sewer.

You collected 179 gold pieces.

Inventory:

Hand Weapons
 a - a +0 hand axe (weapon)
Missiles
 j - 50 stones (quivered)
 p - 19 arrows
 q - 35 bolts
 u - 15 sling bullets
Armour
 b - a +0 robe
 c - a +0 ring mail (worn)
 d - a +0 scale mail
Jewellery
 n - an amulet of the acrobat (around neck)
 o - a ring of wizardry (right hand)
 s - a ring of ice (left hand)
Scrolls
 e - a scroll of identify
 f - 3 scrolls of teleportation
 g - a scroll of immolation {unknown}
 v - a scroll of enchant armour {unknown}
 w - a scroll of remove curse
 x - 2 scrolls of fog
 y - a scroll of fear {unknown}
 A - 2 scrolls of blinking
 B - 3 scrolls of noise {unknown}
Potions
 h - a potion of lignification {unknown}
 i - 2 potions of magic {unknown}
 k - a potion of flight {unknown}
 l - 2 potions of heal wounds {unknown}
 m - a potion of curing {unknown}
 r - 2 potions of resistance
 t - a potion of attraction {unknown}
 z - 2 potions of might


   Skills:
 + Level 4.8 Fighting
 * Level 6.4 Axes
 + Level 2.6 Armour
 - Level 2.4 Dodging
 - Level 1.5 Stealth


You had 4 spell levels left.
You didn't know any spells.
Your spell library was empty.

Dungeon Overview and Level Annotations

Branches:
Dungeon (4/15)              Sewer (visited)
 Temple: D:4-7

Altars:


Message History

The orc hits you with a +0 hand axe.
* * * LOW HITPOINT WARNING * * *
Okay, then.
You hit the orc wizard.
The orc wizard is moderately wounded.
You slash the orc!
You kill the orc!
The orc wizard hits you with a +1 dagger of protection.
* * * LOW HITPOINT WARNING * * *
The orc wizard barely misses you.
You completely miss the orc wizard.
The orc wizard is moderately wounded.
The orc wizard hits you with a +1 dagger of protection.
* * * LOW HITPOINT WARNING * * *
The orc wizard closely misses you. The orc wizard barely misses you.
You slash the orc wizard!
The orc wizard is almost dead.
The orc wizard gestures at you while chanting.
The magic dart hits you!
You die...

................#
................+
.#..............#
+#........####'##
... ....#'#...#
#..# ..#
....#.#...#
##.##..#
....#.#...#
#..#..#
+####.#...#
##o#..#
......#...#
#@#..#
.######...#
####)#..#
.........##
#..[)...#
.........#
#............
.........#
#.....#.###.#
.........#
#.....#.#
..[......#
#.....# .
##.....###
#...... #.
######## #......
..


You could see an orc wizard (fast).

Vanquished Creatures
  An orc wizard (D:4)
  3 gnolls
  4 river rats (Sewer)
  2 adders (Sewer)
  2 worms (D:2)
  2 leopard geckos (D:4)
  5 orcs
  6 ball pythons
  5 bats
  3 giant cockroaches (D:2)
  7 goblins
  6 hobgoblins
  3 jackals (D:1)
  A quokka (D:3)
  9 frilled lizards
  5 kobolds
  10 rats
74 creatures vanquished.

Notes
Turn   | Place    | Note
-------+----------+-------------------------------------------
     0 | D:1      | Gwenloh the Hill Orc Monk began the quest for the Orb.
     0 | D:1      | Reached XP level 1. HP: 19/19 MP: 1/1
     0 | D:1      | Noticed a troll
     3 | D:1      | Noticed a minotaur
     6 | D:1      | Noticed a dwarf
     7 | D:1      | Noticed an octopode
     8 | D:1      | Noticed a draconian
     9 | D:1      | Noticed a formicid
    11 | D:1      | Noticed a naga
    13 | D:1      | Noticed a human
    15 | D:1      | Noticed a spriggan
    15 | D:1      | Noticed a troll
    19 | D:1      | Noticed an ogre
    19 | D:1      | Noticed an elf
    21 | D:1      | Noticed an octopode
   288 | D:1      | Reached XP level 2. HP: 27/27 MP: 2/2
   403 | D:1      | Reached skill level 1 in Armour
   856 | D:1      | Reached XP level 3. HP: 10/33 MP: 3/3
  1186 | D:2      | Reached skill level 5 in Axes
  1546 | D:2      | Reached XP level 4. HP: 34/40 MP: 4/4
  3400 | D:4      | Found a glowing drain.
  3433 | Sewer    | Entered a sewer
  3595 | Sewer    | Reached XP level 5. HP: 47/47 MP: 5/5
  3621 | Sewer    | Reached skill level 6 in Axes
  4372 | D:4      | HP: 2/47 [orc wizard/+1 dagger of protection (1)]
  4374 | D:4      | Killed from afar by an orc wizard

Illustrated notes

Levels and vault maps discovered:
D:1:      shiori_arrival_whats_in_store_for_you, layout_loops_ring,
          minmay_misc_feat_four_crosses, chequers_serial_rivers_room_b
D:2:      wander_river, layout_loops_corners, minivault_11
D:3:      layout_basic, glass_columns_c
D:4:      layout_basic, general_overflow_altar, gup_sewer_entry_bowl,
          uniq_crazy_yiuf_cottage

Skill      XL: |  1  2  3  4  5 |
---------------+----------------+-----
Armour         | 1 2 |  2.6
Fighting       | 4 |  4.8
Axes           | 5 6 |  6.4
Dodging        | |  2.4
Stealth        | |  1.5

Action                   |  1- 3 |  4- 6 || total
-------------------------+-------+-------++-------
Melee: Hand axe          |    92 |   190 ||   282
Throw: Stone             |     4 |    38 ||    42
  Use: Scroll            |       |     5 ||     5
       Potion            |       |     2 ||     2
 Stab: Sleeping          |     1 |     1 ||     2
Armor: Ring mail         |    28 |    33 ||    61
Dodge: Dodged            |    52 |    96 ||   148
